 Dungeon Crawl Stone Soup version 0.23.2-1-ga50397a (webtiles) character file.

Game seed: 14459859257931475403

4263 Bluemoon111 the Geomancer (level 10, -73/56 HPs)
             Began as a Gargoyle Earth Elementalist on May 29, 2019.
             Killed from afar by a fire giant (81 damage)
             ... with a bolt of fire
             ... on level 8 of the Dungeon.
             The game lasted 00:32:12 (8829 turns).

Bluemoon111 the Geomancer (GrEE)                    Turns: 8829, Time: 00:32:13

Health: -73/56     AC: 10    Str: 12    XL:     10   Next: 31%
Magic:  19/19      EV: 13    Int: 24    God:
Gold:   359        SH:  0    Dex: 10    Spells: 9/21 levels left

rFire    x . .     SeeInvis .   p - +1 flail
rCold    + . .     Gourm    .   (no shield)
rNeg     + . .     Faith    .   f - +0 robe
rPois    ∞         Spirit   .   (no helmet)
rElec    +         Reflect  .   m - +0 cloak
rCorr    .         Harm     .   (no gloves)
MR       .....                  (no boots)
Stlth    ++........             (no amulet)
HPRegen  0.18/turn              l - +5 ring of intelligence
MPRegen  0.16/turn              B - ring of ice

@: no status effects
A: negative energy resistance 1, electricity resistance, unbreathing,
petrification resistance, rot immunity, AC +7
a: no special abilities


You were on level 8 of the Dungeon.
You were not hungry.

You visited 1 branch of the dungeon, and saw 8 of its levels.

You collected 359 gold pieces.

Inventory:

Hand Weapons
 h - a +0 trident
 p - a +1 flail (weapon)
 x - a +2 rapier of draining
Missiles
 b - 131 stones (quivered)
Armour
 f - a +0 robe (worn)
 m - a +0 cloak (worn)
Magical Staves
 E - an uncursed staff of conjuration
Jewellery
 l - a +5 ring of intelligence (left hand)
 B - a ring of ice (right hand)
Wands
 u - a wand of disintegration (14)
 v - a wand of iceblast (5)
 F - a wand of enslavement (9)
Scrolls
 e - 10 scrolls of identify {unknown}
 i - 2 scrolls of teleportation {unknown}
 q - a scroll of immolation {unknown}
 w - 2 scrolls of enchant weapon
 y - 2 scrolls of remove curse {unknown}
 z - a scroll of enchant armour {unknown}
 A - a scroll of fog {unknown}
 C - a scroll of vulnerability {unknown}
Potions
 a - a potion of brilliance {unknown}
 c - 2 potions of cancellation {unknown}
 g - a potion of heal wounds {unknown}
 j - 2 potions of flight {unknown}
 k - a potion of agility {unknown}
 n - 2 potions of degeneration {unknown}
 o - 2 potions of curing
 r - a potion of haste {unknown}
 s - a potion of lignification {unknown}
 t - a potion of magic
 D - 2 potions of resistance {unknown}
Comestibles
 d - 14 rations


   Skills:
 + Level 3.9 Fighting
 + Level 3.6 Maces & Flails
 + Level 4.1 Armour
 + Level 3.5 Dodging
 - Level 2.1 Stealth
 + Level 6.3 Spellcasting
 + Level 6.7 Conjurations
   Level 0.7 Transmutations
 + Level 3.0 Fire Magic
 + Level 8.8 Earth Magic
 + Level 3.2 Evocations


You had 9 spell levels left.
You knew the following spells:

 Your Spells              Type           Power        Failure   Level  Hunger
a - Sandblast             Erth           ######       1%          1    None
b - Stone Arrow           Conj/Erth      #####.       1%          3    None
c - Lee's Rapid Deconstr  Erth           ######....   5%          5    #####..
g - Inner Flame           Hex/Fire       ###.....     12%         3    None

Your spell library contained the following spells:

 Spells                   Type           Power        Failure   Level  Hunger
 Passwall                 Tmut/Erth      ####....     1%          2    None
 Beastly Appendage        Tmut           ##....       6%          1    None
 Animate Skeleton         Necr           N/A          8%          1    None
 Apportation              Tloc           #.....       8%          1    None
 Confusing Touch          Hex            #.....       8%          1    None
 Corona                   Hex            #......      8%          1    None
 Summon Small Mammal      Summ           #...         8%          1    None
 Sticks to Snakes         Tmut           ##......     9%          2    None
 Petrify                  Tmut/Erth      ####....     11%         4    ###....
 Slow                     Hex            #.......     12%         2    None
 Leda's Liquefaction      Hex/Erth       ####......   12%         4    ###....
 Spider Form              Tmut/Pois      #.........   21%         3    None
 Portal Projectile        Hex/Tloc       #.....       22%         3    None
 Ice Form                 Ice/Tmut       ##......     54%         4    ###....
 Cause Fear               Hex            #.........   58%         4    ###....
 Blade Hands              Tmut           ##........   85%         5    #####..


Dungeon Overview and Level Annotations

Branches:
Dungeon (8/15)
 Temple: D:4-7         Lair: D:8-11

Altars:
Makhleb
Nemelex Xobeh
Okawaru
Trog
Wu Jian

Shops:
D:6 :

Annotations:
D:3 Purgy
D:7 1 exclusion


Innate Abilities, Weirdness & Mutations

You are resistant to torment.
Your stone body is resilient. (AC +7)
You are immune to poison.
You resist negative energy. (rN+)
You are resistant to electric shocks. (rElec)
You can survive without breathing.
You are immune to petrification.
You are immune to rotting.


Message History

The vampire zaps a wand.
Some rock shatters into small pieces.
The hound barely misses you.
As you read the scroll labeled ZUATATROVI, it crumbles to dust.
It is a scroll of enchant weapon.
Your +0 flail glows red for a moment.
The fire giant gestures at you while chanting.
The bolt of fire hits you!!! The fire burns you terribly!
Ouch! That really hurt!
* * * LOW HITPOINT WARNING * * *
The hound bites you but does no damage.
The shadow imp hits you but does no damage.
The shadow imp hits you but does no damage.
The vampire zaps a wand.
Some rock shatters into small pieces.
The hound barely misses you.
The vampire zaps a wand.
You hear a grinding noise.
The fire giant casts a spell at you. The bolt of fire hits you!!!!
The fire burns you terribly!
Ouch! That really hurt!
You die...

............#...≈# .#
..............#.≈≈.# .#
...............≈...# .#.
..............#...≈##..#
#.....##V.'####.≈..C#
#......Yy5....##....##
#.....##.#..######...##
.##....##C#.#.# ###...
.......@..h.#..+ ###.
.......##.###.#.. ##
......# #.# ##.# ......
### .. ..... ..... ####


You could see a fire giant and a hound.

Vanquished Creatures
  A two-headed ogre (D:8)
  Grinder (D:5)
  Eustachio (D:5)
  A black bear (D:6)
  A sky beast (D:7)
  An ice beast (D:7)
  4 phantoms
  An orc warrior (D:7)
  2 centaurs (D:5)
  2 ogres (D:4)
  3 big kobolds
  5 bullfrogs
  A water moccasin skeleton (D:7)
  A scorpion (D:8)
  14 killer bees (D:8)
  A crimson imp (D:5)
  3 hounds (D:7)
  An orc priest (D:6)
  Crazy Yiuf (D:2)
  Terence (D:2)
  A bullfrog skeleton (D:7)
  An iguana (D:7)
  10 orc wizards
  6 worker ants
  A hound zombie (D:5)
  A hound skeleton (D:7)
  2 worker ant zombies (D:6)
  4 gnolls
  12 adders
  A shadow imp (D:6)
  An adder zombie (D:7)
  5 worms
  A dart slug (D:1)
  21 orcs
  4 bats (D:1)
  2 giant cockroaches
  6 hobgoblins
  8 jackals
  A quokka (D:7)
  2 ball pythons
  6 frilled lizards
  9 goblins
  A jackal skeleton (D:5)
  20 kobolds
  A leopard gecko skeleton (D:8)
  5 rats
178 creatures vanquished.

Notes
Turn   | Place    | Note
-------+----------+-------------------------------------------
     0 | D:1      | Bluemoon111 the Gargoyle Earth Elementalist began the quest
                  | for the Orb.
     0 | D:1      | Reached XP level 1. HP: 10/10 MP: 3/3
   495 | D:1      | Reached XP level 2. HP: 14/15 MP: 3/5
   555 | D:1      | Reached skill level 4 in Earth Magic
  1139 | D:1      | Reached XP level 3. HP: 15/19 MP: 2/6
  1225 | D:1      | Learned a level 3 spell: Stone Arrow
  1409 | D:2      | Noticed Terence
  1453 | D:2      | Killed Terence
  1453 | D:2      | Reached skill level 1 in Conjurations
  1793 | D:2      | Found a faded altar of an unknown god.
  1805 | D:2      | Reached XP level 4. HP: 21/24 MP: 5/8
  2198 | D:2      | Reached skill level 5 in Earth Magic
  2499 | D:2      | Found a runed translucent door.
  2500 | D:2      | Noticed Crazy Yiuf
  2506 | D:2      | Killed Crazy Yiuf
  2506 | D:2      | Reached XP level 5. HP: 17/28 MP: 3/10
  3195 | D:3      | You fall through a shaft for 3 floors!
  3201 | D:5      | Entered Level 5 of the Dungeon
  3231 | D:5      | Noticed a centaur
  3252 | D:5      | Killed a centaur
  3252 | D:5      | Reached XP level 6. HP: 12/32 MP: 7/11
  3449 | D:5      | Noticed Eustachio
  3627 | D:4      | Reached skill level 6 in Earth Magic
  3869 | D:3      | Found an iron altar of Okawaru.
  3869 | D:3      | Found a sparkling altar of Nemelex Xobeh.
  3975 | D:3      | Noticed Purgy
  4055 | D:4      | Reached XP level 7. HP: 34/36 MP: 7/13
  5000 | D:5      | Noticed Grinder
  5009 | D:5      | Killed Grinder
  5009 | D:5      | Reached skill level 5 in Spellcasting
  5009 | D:5      | Reached skill level 7 in Earth Magic
  5009 | D:5      | Reached XP level 8. HP: 34/41 MP: 3/15
  5026 | D:5      | Reached skill level 5 in Conjurations
  5171 | D:5      | Killed Eustachio
  5171 | D:5      | Reached skill level 1 in Armour
  5372 | D:6      | Reached skill level 1 in Fighting
  5592 | D:6      | Reached skill level 1 in Maces & Flails
  5593 | D:6      | Reached skill level 1 in Evocations
  5875 | D:6      | Learned a level 3 spell: Inner Flame
  5919 | D:6      | Learned a level 5 spell: Lee's Rapid Deconstruction
  5945 | D:6      | Found Kouxzoaq's Book Boutique.
  6568 | D:6      | Reached XP level 9. HP: 47/48 MP: 15/17
  6688 | D:7      | Reached skill level 1 in Fire Magic
  6839 | D:7      | Reached skill level 8 in Earth Magic
  7290 | D:7      | Found a burning altar of Makhleb.
  7290 | D:7      | Noticed a cacodemon
  7504 | D:7      | Found a bloodstained altar of Trog.
  8068 | D:8      | Noticed a two-headed ogre
  8073 | D:8      | Killed a two-headed ogre
  8073 | D:8      | Reached XP level 10. HP: 16/56 MP: 6/19
  8352 | D:8      | Found an ornate altar of the Wu Jian Council.
  8809 | D:8      | Noticed a fire giant
  8809 | D:8      | Noticed a two-headed ogre
  8829 | D:8      | Killed from afar by a fire giant

Skill      XL: |  1  2  3  4  5  6  7  8  9 10 |
---------------+-------------------------------+-----
Earth Magic    | 4 5 6 7 8 |  8.8
Conjurations   | 1 2 3 4 5 6 |  6.7
Spellcasting   | 3 4 5 6 |  6.3
Armour         | 2 3 4 |  4.1
Fighting       | 2 3 |  3.9
Maces & Flails | 1 3 |  3.6
Evocations     | 1 3 |  3.2
Dodging        | 2 3 |  3.5
Fire Magic     | 2 3 |  3.0
Stealth        | |  2.1
Transmutations | |  0.7

Action                   |  1- 3 |  4- 6 |  7- 9 | 10-12 || total
-------------------------+-------+-------+-------+-------++-------
Melee: Unarmed           |    54 |       |       |       ||    54
       Dagger            |    56 |       |       |       ||    56
       Trident           |    13 |    69 |       |       ||    82
       Quarterstaff      |       |    54 |    11 |       ||    65
       Flail             |       |       |    43 |    71 ||   114
       Rapier            |       |       |   233 |       ||   233
 Cast: Sandblast         |    29 |    36 |    40 |    17 ||   122
       Stone Arrow       |       |     1 |    42 |    14 ||    57
  Use: Potion            |     1 |     1 |       |     1 ||     3
       Scroll            |       |       |       |     1 ||     1
 Stab: Sleeping          |     2 |     1 |     1 |       ||     4
  Eat: Chunk             |     3 |     4 |    11 |     2 ||    20
       Ration            |       |     1 |     1 |       ||     2
Armor: Robe              |    57 |    44 |   178 |    64 ||   343
Dodge: Dodged            |   109 |   101 |   232 |   108 ||   550
